 Dungeon Crawl Stone Soup version 0.20.0 (webtiles) character file.

702 chickenpie the Chopper (level 7, -3/62 HPs)
             Began as a Minotaur Berserker on June 5, 2017.
             Was a Priest of Trog.
             Slain by an ogre
             ... wielding a +0 giant club
              (20 damage)
             ... on level 4 of the Dungeon.
             The game lasted 00:08:46 (2931 turns).

chickenpie the Chopper (Minotaur Berserker)         Turns: 2931, Time: 00:08:47

Health: -3/62      AC:  2    Str: 23    XL:     7   Next: 38%
Magic:  0/6        EV: 15    Int:  4    God:    Trog [***...]
Gold:   217        SH:  0    Dex: 15    Spells: 6/6 levels left

rFire    . . .     SeeInvis .   a - +1 hand axe
rCold    . . .     Gourm    .   (no shield)
rNeg     . . .     Faith    .   b - +0 animal skin
rPois    .         Spirit   +   (helmet restricted)
rElec    .         Reflect  .   x - scarf {Spirit}
rCorr    .         Harm     .   (no gloves)
MR       .....                  (no boots)
Stlth    ++........             s - amulet of regeneration
Regen    0.6/turn               i - +3 ring of dexterity
MPRegen  0.1/turn               w - +2 ring of dexterity

@: no status effects
A: retaliatory headbutt, horns 2
a: Berserk, Trog's Hand, Burn Spellbooks, Renounce Religion


You were on level 4 of the Dungeon.
You worshipped Trog.
Trog was most pleased with you.
You were not hungry.

You visited 1 branch of the dungeon, and saw 4 of its levels.

You collected 217 gold pieces.

Inventory:

Hand Weapons
 a - a +1 hand axe (weapon)
Armour
 b - a +0 animal skin (worn)
 x - a scarf of spirit shield (worn)
Jewellery
 i - a +3 ring of dexterity (left hand)
 s - an amulet of regeneration (around neck)
 w - a +2 ring of dexterity (right hand)
 y - an uncursed amulet of magic regeneration
Scrolls
 d - a scroll of teleportation
 e - 4 scrolls of remove curse
 j - a scroll of fear {unknown}
 k - a scroll of amnesia
 m - a scroll of enchant weapon
 o - a scroll of blinking {unknown}
 r - a scroll of fog {unknown}
 u - a scroll of enchant armour {unknown}
 v - a scroll of recharging {unknown}
Potions
 c - a potion of flight {unknown}
 f - a potion of haste {unknown}
 g - a potion of berserk rage {unknown}
 h - a potion of heal wounds
 l - 2 potions of curing {unknown}
 n - a potion of degeneration {unknown}
 q - a potion of cancellation {unknown}
Comestibles
 p - 5 fruits


   Skills:
 + Level 5.9 Fighting
 + Level 7.2 Axes
 + Level 2.8 Armour
 + Level 4.6 Dodging
 + Level 2.1 Stealth


You had 6 spell levels left.
You didn't know any spells.

Dungeon Overview and Level Annotations

Branches:
Dungeon (4/15)
 Temple: D:4-7

Altars:


Innate Abilities, Weirdness & Mutations

You reflexively headbutt those who attack you in melee.
You have a pair of horns on your head.


Message History

Okay, then.
p - 5 fruits (gained 4)
You open the door.
An ogre comes into view. It is wielding a giant club.
There is an open door here.
An ogre is nearby!
You see here 10 gold pieces.
You closely miss the ogre. You slash the ogre!
The ogre is moderately wounded.
The ogre hits you with a giant club!!
You slash the ogre! You headbutt the ogre!
The ogre is almost dead.
The ogre hits you with a giant club!!
* * * LOW HITPOINT WARNING * * *
You completely miss the ogre.
You headbutt the ogre, but do no damage.
The ogre is almost dead.
The ogre hits you with a giant club!!
You die...

#############+###
#..........#....#
#..........#....#
#..........'.@..#
#...##....##.O..#
#...##....##....#
#..........#....#
#..........#....#
#..........#....#
#..........#....#
#################


You could see an ogre.

Vanquished Creatures
  Pikel (D:4)
  2 slaves (D:4)
  A phantom (D:4)
  A howler monkey (D:4)
  4 gnolls (D:2)
  5 adders
  2 dart slugs
  A leopard gecko (D:1)
  4 orcs
  8 bats
  3 giant cockroaches
  11 hobgoblins
  A quokka (D:2)
  A ball python (D:1)
  4 frilled lizards
  4 goblins
  11 kobolds
  8 rats
72 creatures vanquished.

Vanquished Creatures (others)
  2 slaves (D:4)
  2 orc wizards (D:4)
  An orc (D:4)
5 creatures vanquished.

Grand Total: 77 creatures vanquished

Notes
Turn   | Place    | Note
-------+----------+-------------------------------------------
     0 | D:1      | chickenpie the Minotaur Berserker began the quest for the Orb.
     0 | D:1      | Reached XP level 1. HP: 19/19 MP: 0/0
   138 | D:1      | Reached skill level 4 in Axes
   138 | D:1      | Reached XP level 2. HP: 17/27 MP: 1/1
   925 | D:2      | Reached XP level 3. HP: 32/33 MP: 2/2
  1007 | D:2      | Reached ** piety under Trog
  1063 | D:2      | Reached XP level 4. HP: 40/41 MP: 3/3
  1069 | D:2      | HP: 1/61 [gnoll/spear (7)]
  1726 | D:3      | Reached skill level 5 in Axes
  2058 | D:3      | Reached XP level 5. HP: 15/47 MP: 4/4
  2381 | D:4      | Reached skill level 5 in Fighting
  2401 | D:4      | Noticed a slave
  2405 | D:4      | Noticed Pikel
  2406 | D:4      | Noticed a slave
  2408 | D:4      | Noticed a slave
  2408 | D:4      | Noticed a slave
  2415 | D:4      | Killed a slave
  2415 | D:4      | Killed a slave
  2416 | D:4      | Killed Pikel
  2416 | D:4      | Reached skill level 7 in Axes
  2416 | D:4      | Reached XP level 6. HP: 26/57 MP: 5/5
  2416 | D:4      | Reached XP level 7. HP: 28/62 MP: 6/6
  2765 | D:4      | Reached *** piety under Trog
  2931 | D:4      | Slain by an ogre

Skill      XL: |  1  2  3  4  5 |
---------------+----------------+-----
Axes           | 4 5 7 |  7.2
Fighting       | 4 5 |  5.9
Dodging        | 4 |  4.6
Stealth        | 2 |  2.1
Armour         | |  2.8

Action                   |  1- 3 |  4- 6 |  7- 9 || total
-------------------------+-------+-------+-------++-------
Melee: Hand axe          |    61 |    69 |    22 ||   152
       Headbutt          |     8 |    12 |     6 ||    26
Invok: Berserk           |     1 |     1 |       ||     2
  Use: Potion            |       |     1 |       ||     1
       Scroll            |       |       |     4 ||     4
 Stab: Sleeping          |       |     1 |       ||     1
  Eat: Bread ration      |       |     1 |     1 ||     2
       Royal jelly       |       |     1 |       ||     1
Armor: Animal skin       |    15 |    17 |     1 ||    33
Dodge: Dodged            |    52 |    51 |    10 ||   113
